 Dungeon Crawl Stone Soup version 0.29-a0-416-g83a48905f1 (webtiles) character file.

Game seed: 12160247356765773742

211 siradein the Gusty (level 5, -9/38 HPs)
             Began as a Draconian Air Elementalist on May 16, 2022.
             Killed by nerve-wracking pain
             ... invoked by an orc priest
              (14 damage)
             ... on level 3 of the Dungeon on May 17, 2022.
             The game lasted 00:07:09 (3197 turns).

siradein the Gusty (Draconian Air Elementalist)     Turns: 3197, Time: 00:07:10

Health: -9/38      AC:  5    Str: 10    XL:     5   Next: 57%
Magic:  5/10       EV: 12    Int: 17    God:
Gold:   116        SH:  0    Dex: 12    Spells: 5/11 levels left

rFire   . . .      SeeInvis .   b - +0 dagger
rCold   . . .      Faith    .   (no shield)
rNeg    . . .      Spirit   .   (body armour unavailable)
rPois   .          Reflect  .   (helmet restricted)
rElec   .          Harm     .   (no cloak)
rCorr   +          Rampage  .   (no gloves)
Will    .....                   (no boots)
Stlth   ++........              (no amulet)
HPRegen 0.12/turn               i - ring of resist corrosion
MPRegen 0.12/turn               (no ring)

@: no status effects
A: AC +5, unfitting armour, cold-blooded
a: no special abilities


You were on level 3 of the Dungeon.
You visited 1 branch of the dungeon, and saw 3 of its levels.

You collected 155 gold pieces.
You spent 39 gold pieces at shops.

Inventory:

Hand Weapons
 b - a +0 dagger (weapon)
Jewellery
 i - a ring of resist corrosion (left hand)
Scrolls
 d - 2 scrolls of teleportation {unknown}
 f - a scroll of fear {unknown}
 h - a scroll of amnesia {unknown}
 k - a scroll of noise {unknown}
 l - a scroll of poison {unknown}
 o - 2 scrolls of identify {unknown}
 p - a scroll of blinking {unknown}
Potions
 a - a potion of magic
 c - a potion of cancellation {unknown}
 e - a potion of haste {unknown}
 g - a potion of curing
 j - a potion of degeneration {unknown}
 m - a potion of mutation {unknown}
 n - a potion of attraction {unknown}


   Skills:
 - Level 1.7 Dodging
 - Level 1.7 Stealth
 + Level 3.5 Spellcasting
 + Level 3.2 Conjurations
 + Level 4.3 Air Magic


You had 5 spell levels left.
You knew the following spells:

 Your Spells              Type           Power      Damage    Failure   Level
a - Shock                 Conj/Air       60%        1d6       3%          1
b - Static Discharge      Conj/Air       15%        N/A       5%          2
c - Swiftness             Air            17%        N/A       9%          3

Your spell library contained the following spells:

 Spells                   Type           Power      Damage    Failure   Level
 Airstrike                Air            8%         N/A       26%         4
 Sticky Flame             Conj/Fire      8%         2d3       65%         4
 Dispel Undead            Necr           2%         3d7       86%         4


Dungeon Overview and Level Annotations

Branches:
Dungeon (3/15)

Altars:

Shops:
D:1 *

Annotations:
D:2 1 runed translucent door, Crazy Yiuf


Innate Abilities, Weirdness & Mutations

Your plain brown scales are hard. (AC +5)
You cannot fit into any form of body armour.
You are cold-blooded and may be slowed by cold attacks.


Message History

You feel less confused.
You see here a bat corpse.
The orc wizard gestures at you while chanting.
You resist with some effort.
The orc wizard gestures wildly while chanting.
The orc wizard flickers and vanishes!
Deactivating autopickup; reactivate with Ctrl-A.
The zap hits something.
The zap hits the orc priest.
The orc priest is moderately wounded.
The zap hits something.
The zap hits the orc priest.
The orc priest is heavily wounded.
The orc priest calls down the wrath of Beogh upon you.
Beogh smites you!
The zap hits the orc priest.
The orc priest is almost dead.
Something hits you.
You are too injured to fight recklessly!
Casting: Shock (safe; 3% risk of failure)
Confirm with . or Enter, or press ? or * to list all spells.
Aiming: Shock (safe; 3% risk of failure)
Press: ? - help, Shift-Dir - straight line, f/p - orc priest
Aim: an orc priest, wielding a +0 flail and wearing a +0 ring mail (almost dead, 75% to hit)
The zap hits something.
Reactivating autopickup.
You feel a bit more experienced.
The zap hits the orc priest but does no damage.
The orc priest is almost dead.
The orc priest invokes the aid of Beogh against you.
Pain shoots through your body!
* * * LOW HITPOINT WARNING * * *
Casting: Shock (safe; 3% risk of failure)
Confirm with . or Enter, or press ? or * to list all spells.
Aiming: Shock (safe; 3% risk of failure)
Press: ? - help, Shift-Dir - straight line, f/p - orc priest
Aim: an orc priest, wielding a +0 flail and wearing a +0 ring mail (almost dead, 75% to hit)
The zap hits the orc priest but does no damage.
The orc priest is almost dead.
The orc priest mumbles some strange prayers to Beogh against you.
Pain shoots through your body!
You die...

#.. ##.## ### #..#
##.# #.## #. #..#
#.# ... #### ##.#
#.# .... ...( #.#
#.# ###.... ####
#.## #.###..o...w
#.@# #.#.).......
##)# ##.#o........
#o###..o....o....
#..##..#.........
##.##..#.#.###.##
######..#..#.#.#
#.......†...#.#.#
#...........#.#..
............#.#####


You could see an orc priest.

Vanquished Creatures
  2 orc wizards (D:3)
  Robin (D:2)
  A gnoll (D:2)
  5 adders
  2 dart slugs
  9 orcs (D:3)
  7 endoplasms
  3 giant cockroaches
  12 goblins
  9 hobgoblins
  6 jackals
  2 quokkas
  2 ball pythons
  9 bats
  2 kobolds
  6 rats
78 creatures vanquished.

Notes
Turn   | Place    | Note
-------+----------+-------------------------------------------
     0 | D:1      | siradein the Draconian Air Elementalist began the quest for
                  | the Orb.
     0 | D:1      | Reached XP level 1. HP: 14/14 MP: 3/3
   460 | D:1      | Reached XP level 2. HP: 17/20 MP: 0/5
   569 | D:1      | Found Neahi's General Store.
   709 | D:1      | Bought a potion of curing for 39 gold pieces
   959 | D:2      | Found a faded altar of an unknown god.
  1112 | D:2      | Noticed Robin
  1132 | D:2      | Reached XP level 3. HP: 26/26 MP: 1/6
  1403 | D:2      | Killed Robin
  1632 | D:2      | Reached XP level 4. HP: 33/33 MP: 4/8
  1954 | D:2      | Learned a level 2 spell: Static Discharge
  1958 | D:2      | Learned a level 3 spell: Swiftness
  2002 | D:2      | Found a runed translucent door.
  2003 | D:2      | Noticed Crazy Yiuf
  2291 | D:2      | Reached skill level 4 in Air Magic
  2663 | D:3      | Reached XP level 5. HP: 38/38 MP: 6/9
  3197 | D:3      | Killed from afar by an orc priest

Illustrated notes

Levels and vault maps discovered:
D:1:      beargit_arrival_greenhouse, layout_basic, serial_shops,
          nicolae_shop_window_shopping, st_stairs_2
D:2:      minmay_wonky_spiral, layout_basic, serial_rivers,
          chequers_serial_rivers_marsh, chequers_serial_rivers_marsh,
          chequers_serial_rivers_room_b, chequers_serial_rivers_marsh,
          chequers_serial_rivers_micro_b, shapermc_ecumenical_altar_notcrosses,
          uniq_crazy_yiuf_cottage, uniq_robin
D:3:      layout_basic, palyth_stone_intersect

Skill      XL: |  1  2  3  4  5 |
---------------+----------------+-----
Conjurations   | 2 3 |  3.2
Spellcasting   | 3 |  3.5
Air Magic      | 4 |  4.3
Dodging        | |  1.7
Stealth        | |  1.7

Action                   |  1- 3 |  4- 6 || total
-------------------------+-------+-------++-------
Melee: Dagger            |    40 |     1 ||    41
       Tailslap          |     5 |     1 ||     6
       Unarmed           |     2 |       ||     2
 Cast: Shock             |    78 |    74 ||   152
Armor: Skin              |    25 |    16 ||    41
Dodge: Dodged            |    41 |    19 ||    60

Table legend: (Time is in decaauts)
 A = Elapsed time spent in this place.
 B = Non-inter-level travel time spent in this place.
 C = Inter-level travel time spent in this place.
 D = Time resting spent in this place.
 E = Time spent auto-exploring this place.
 F = Levels seen in this place.
 G = Mean time per level.
                   A        B        C        D        E       F      G
               +--------+--------+--------+--------+--------+-----+--------+
         Total |   3208 |   3172 |     36 |     28 |   2583 |   3 | 1069.3 |
       Dungeon |   3208 |   3172 |     36 |     28 |   2583 |   3 | 1069.3 |
               +--------+--------+--------+--------+--------+-----+--------+

Top non-repeatable levels by time:
     D:2: 1608 daAuts
     D:1: 948 daAuts
     D:3: 651 daAuts
